 Dungeon Sprint DCSS version 0.26-a0-712-ga5a9c9c9d0 (webtiles) character file.

Game seed: 12044103903421949373

47744 mhtbhm the Shatterer (level 14, -13/151 HPs)
             Began as a Minotaur Fighter on Oct 31, 2020.
             Was the Champion of Okawaru.
             Killed from afar by a frost giant (57 damage)
             ... with a bolt of cold
             ... in the Dungeon (Sprint IX: "|||||||||||||||||||||||||||||") on Nov 1, 2020.
             The game lasted 00:14:02 (5028 turns).

mhtbhm the Shatterer (Minotaur Fighter)             Turns: 5028, Time: 00:14:02

Health: -13/151    AC: 21    Str: 24    XL:     14   Next: 9%
Magic:  14/14      EV: 16    Int:  3    God:    Okawaru [******]
Gold:   382        SH: 25    Dex: 12    Spells: 13/13 levels left

rFire    + + +     SeeInvis +   a - +2 morningstar (protect)
rCold    . . .     Faith    .   c - +1 tower shield {rC+}
rNeg     . . .     Spirit   .   b - +1 fire dragon scales
rPois    .         Reflect  .   n - +0 hat {SInv}
rElec    .         Harm     .   J - +1 cloak
rCorr    .         Rampage  .   I - +1 pair of gloves
MR       +....     NoTele   +   z - +0 pair of boots
Stlth    +.........             (no amulet)
HPRegen  0.35/turn              u - ring of protection from fire
MPRegen  0.14/turn              p - +2 ring of evasion

@: no status effects
A: retaliatory headbutt, horns 2, talons 1, dopey 1, low mp 1
a: Heroism, Finesse, Renounce Religion


You were in the Dungeon.
You worshipped Okawaru.
Okawaru was exalted by your worship.
You visited 1 branch You collected 1923 gold pieces.
You spent 1541 gold pieces at shops.

Inventory:

Hand Weapons
 a - a +2 morningstar of protection (weapon)
Armour
 b - +1 fire dragon scales (worn)
 c - a +1 tower shield of cold resistance (worn)
 n - a +0 hat of see invisible (worn)
 z - a +0 pair of boots (worn)
 I - a +1 pair of gloves (worn)
 J - a +1 cloak (worn)
Jewellery
 p - a +2 ring of evasion (right hand)
 u - a ring of protection from fire (left hand)
 F - an uncursed ring of protection from cold
 G - an uncursed ring of see invisible
 H - an uncursed ring of protection from magic
Wands
 m - a wand of acid (14)
 t - a wand of digging (4)
 A - a wand of iceblast (4)
Scrolls
 j - 3 scrolls of blinking
 k - 3 scrolls of remove curse
 l - 2 scrolls of amnesia
 v - 2 scrolls of enchant weapon
 w - 5 scrolls of identify
 x - 4 scrolls of enchant armour
 y - 4 scrolls of fog
 C - a scroll of brand weapon
 E - a scroll of immolation
Potions
 d - a potion of might
 e - 6 potions of curing
 f - 5 potions of heal wounds
 g - 2 potions of haste
 h - 4 potions of magic
 i - a potion of invisibility
 o - a potion of stabbing
 r - a potion of berserk rage
 s - a potion of brilliance
 K - a potion of mutation
Miscellaneous
 B - a lightning rod (4/4)


   Skills:
 + Level 21.1 Fighting
 + Level 23.3 Maces & Flails
 + Level 14.7 Armour
 + Level 9.4 Dodging
 + Level 3.1 Stealth
 + Level 22.6 Shields
 + Level 3.6 Invocations
 + Level 8.2 Evocations


You had 13 spell levels left.
You didn't know any spells.
Your spell library was empty.

Dungeon Overview and Level Annotations

Branches:
Dungeon (1/1)

Altars:
Cheibriados
Dithmenos
Elyvilon
Fedhas
Gozag
Hepliaklqana
Kikubaaqudgha
Makhleb
Nemelex Xobeh
Okawaru
Qazlal
Ru
Sif Muna
Trog
Uskayaw
Vehumet
Wu Jian
Xom
Yredelemnul
Zin
The Shining One
Beogh
Jiyva
Lugonu

Shops:
D ?=[}


Innate Abilities, Weirdness & Mutations

You reflexively headbutt those who attack you in melee.
You have a pair of horns on your head.
You have sharp toenails.
You are dopey. (Int -2)
Your magical capacity is low. (-10% MP)


Message History

Items here: (( )).
You see here a +0 troll leather armour.
A frost giant comes into view.
It is wielding a +0 battleaxe of freezing.
The frost giant shouts!
Okay, then.
Unknown command.
Evoke which item? (* to show all) (? for menu, Esc to quit)
Aiming: Corrosive Bolt
Press: ? - help, Shift-Dir - straight line, f - frost giant
Aim: a frost giant, wielding a +0 battleaxe of freezing The bolt of acid hits the frost giant!
The frost giant is splashed with acid!
The acid corrodes the frost giant!
The frost giant is lightly wounded.
Unknown command.
The frost giant casts a spell at you. The bolt of cold hits you!!
* * * LOW HITPOINT WARNING * * *
The frost giant gestures at you while chanting.
The bolt of cold hits you!!!
You die...

,,,,,,,,,,,,,+,,,,,,,,,,,,,+,,,,,
*********************************
,,,,,,,,,,,,,,,,,,,,,,,,,,,,,,,,,
*********************************
,,,,+,,,,,,,,,,,,,,,,,,,,,,,,,,,,
*********************************
,,,,,,,,,,,,,,,,,,,,,,,,,,,,,,,,,
▓▓▓▓▓▓▓▓▓▓▓▓▓▓▓▓▓▓▓▓▓▓▓▓▓▓*******
(.(.....('())[..@.C.......,,+,,,,
▓▓▓▓▓▓▓▓▓▓▓▓▓▓▓▓▓▓▓▓▓▓▓▓▓▓▓▓▓▓▓▓▓
....)....).......))(.............
▓▓▓▓▓▓▓▓▓▓▓▓▓▓▓▓▓▓▓▓▓▓▓▓▓▓▓▓▓▓▓▓▓
.......')†())....()(†))....'††...
▓▓▓▓▓▓▓▓▓▓▓▓▓▓▓▓▓▓▓▓▓▓▓▓▓▓▓▓▓▓▓▓▓
.................................
▓▓▓▓▓▓▓▓▓▓▓▓▓▓▓▓▓▓▓▓▓▓▓▓▓▓▓▓▓▓▓▓▓
.'..=..))))))))..[.[[[[[....[.(.)


You could see a frost giant (corroded).

Vanquished Creatures
  Frances (D)
  A tengu reaver (D)
  A storm dragon (D)
  A nagaraja (D)
  A frost giant (D)
  3 fire giants (D)
  3 very ugly things (D)
  3 stone giants (D)
  An ettin (D)
  2 yaktaur captains (D)
  2 fire dragons (D)
  A merfolk impaler (D)
  A ghost crab (D)
  An ice dragon (shapeshifter) (D)
  A boulder beetle (D)
  A two-headed ogre (D)
  A centaur warrior (D)
  An anaconda (D)
  2 deep troll shamans (D)
  2 orc high priests (D)
  A skeletal warrior (D)
  A sea snake (D)
  5 orc knights (D)
  An orb spider (D)
  3 wolf spiders (D)
  A salamander (D)
  An orc sorcerer (D)
  A manticore (D)
  A cyclops (D)
  An elephant (D)
  7 black mambas (D)
  Joseph (D)
  A water nymph (D)
  Maurice (D)
  3 cane toads (D)
  A gargoyle (D)
  2 komodo dragons (D)
  A tengu conjurer (D)
  2 jumping spiders (D)
  A troll (D)
  A jumping spider (shapeshifter) (D)
  4 tyrant leeches (D)
  A wind drake (D)
  A merfolk (D)
  3 blink frogs (D)
  2 bog bodies (D)
  A shadow (D)
  A redback (D)
  A wyvern (D)
  2 water elementals (D)
  2 tarantellas (D)
  A yak (D)
  A basilisk (D)
  Eustachio (D)
  4 vampire mosquitoes (D)
  A soldier ant (D)
  2 nagas (D)
  5 water moccasins (D)
  9 orc warriors (D)
  An ogre (D)
  A wolf (D)
  2 centaurs (D)
  4 bullfrogs (D)
  A killer bee (D)
  A howler monkey (D)
  7 orc priests (D)
  2 orc wizards (D)
  An iguana (D)
  2 adder skeletons (D)
  16 orcs (D)
  A ball python (D)
  A bat skeleton (D)
  A bat zombie (D)
  A hobgoblin (D)
  A jackal (D)
  A kobold (D)
  A bat (D)
  A bat simulacrum (D)
  A frilled lizard (D)
156 creatures vanquished.

Vanquished Creatures (others)
  A lich (D)
1 creature vanquished.

Grand Total: 157 creatures vanquished

Notes
Turn   | Place    | Note
-------+----------+-------------------------------------------
     0 | D        | mhtbhm the Minotaur Fighter began the quest for the Orb.
     0 | D        | Reached XP level 1. HP: 19/19 MP: 0/0
    21 | D        | Noticed an ogre
    21 | D        | Noticed an iguana
    21 | D        | Noticed a howler monkey
    26 | D        | Killed an ogre
    26 | D        | Reached skill level 4 in Maces & Flails
    26 | D        | Reached XP level 2. HP: 25/31 MP: 1/1
    26 | D        | Reached XP level 3. HP: 31/38 MP: 2/2
    26 | D        | Reached XP level 4. HP: 36/45 MP: 3/3
    35 | D        | Reached skill level 5 in Maces & Flails
    35 | D        | Reached XP level 5. HP: 44/53 MP: 4/4
    64 | D        | Found a roughly hewn altar of Beogh.
    64 | D        | Found a snail-covered altar of Cheibriados.
    64 | D        | Found a shadowy altar of Dithmenos.
    64 | D        | Found a white marble altar of Elyvilon.
    64 | D        | Found a blossoming altar of Fedhas.
    64 | D        | Found an opulent altar of Gozag.
    65 | D        | Found a hazy altar of Hepliaklqana.
    66 | D        | Found a viscous altar of Jiyva.
    67 | D        | Found an ancient bone altar of Kikubaaqudgha.
    68 | D        | Found a corrupted altar of Lugonu.
    69 | D        | Found a burning altar of Makhleb.
    70 | D        | Found a sparkling altar of Nemelex Xobeh.
    71 | D        | Found an iron altar of Okawaru.
    72 | D        | Found a stormy altar of Qazlal.
    73 | D        | Found a sacrificial altar of Ru.
    74 | D        | Found a shimmering blue altar of Sif Muna.
    75 | D        | Found a bloodstained altar of Trog.
    76 | D        | Found a hide-covered altar of Uskayaw.
    77 | D        | Found a radiant altar of Vehumet.
    78 | D        | Found an ornate altar of the Wu Jian Council.
    79 | D        | Became a worshipper of Warmaster Okawaru
    80 | D        | Found a shimmering altar of Xom.
    81 | D        | Found a basalt altar of Yredelemnul.
    82 | D        | Found a glowing silver altar of Zin.
    83 | D        | Found a glowing golden altar of the Shining One.
   197 | D        | Noticed a yak
   197 | D        | Noticed a centaur
   200 | D        | Reached skill level 6 in Maces & Flails
   200 | D        | Reached skill level 1 in Dodging
   206 | D        | Killed a yak
   206 | D        | Reached skill level 7 in Maces & Flails
   206 | D        | Reached XP level 6. HP: 63/64 MP: 5/5
   208 | D        | Reached skill level 8 in Maces & Flails
   211 | D        | Reached * piety under Okawaru
   211 | D        | Reached skill level 10 in Fighting
   415 | D        | Noticed a skeletal warrior
   415 | D        | Noticed a soldier ant
   415 | D        | Noticed a two-headed ogre
   429 | D        | Killed a skeletal warrior
   429 | D        | Reached ** piety under Okawaru
   429 | D        | Reached skill level 10 in Maces & Flails
   429 | D        | Reached skill level 10 in Armour
   429 | D        | Reached skill level 10 in Shields
   429 | D        | Reached XP level 7. HP: 33/74 MP: 3/6
   429 | D        | Reached XP level 8. HP: 37/82 MP: 3/7
   436 | D        | Reached skill level 11 in Maces & Flails
   438 | D        | Killed a two-headed ogre
   438 | D        | Reached *** piety under Okawaru
   438 | D        | Reached skill level 12 in Maces & Flails
   438 | D        | Reached skill level 1 in Evocations
   730 | D        | Noticed a komodo dragon
   730 | D        | Noticed a black mamba
   730 | D        | Noticed a black mamba
   736 | D        | Noticed a cane toad
   741 | D        | Killed a komodo dragon
   741 | D        | Reached **** piety under Okawaru
   741 | D        | Reached skill level 13 in Maces & Flails
   741 | D        | Reached XP level 9. HP: 90/90 MP: 5/8
   743 | D        | Killed a black mamba
   750 | D        | Killed a black mamba
   750 | D        | Reached skill level 14 in Maces & Flails
   751 | D        | Reached skill level 1 in Invocations
   769 | D        | Killed a cane toad
   769 | D        | Reached ***** piety under Okawaru
   769 | D        | Reached skill level 5 in Dodging
   772 | D        | Reached skill level 15 in Maces & Flails
  1020 | D        | Gained mutation: Your magical capacity is low. (-10% MP)
                  | [potion of mutation]
  1020 | D        | Gained mutation: You are dopey. (Int -2) [potion of
                  | mutation]
  1020 | D        | Gained mutation: You have sharp toenails. [potion of
                  | mutation]
  1023 | D        | Noticed a boulder beetle
  1023 | D        | Noticed an elephant
  1023 | D        | Noticed a black mamba
  1023 | D        | Noticed a komodo dragon
  1028 | D        | Killed a boulder beetle
  1028 | D        | Reached XP level 10. HP: 101/101 MP: 7/8
  1032 | D        | Killed an elephant
  1032 | D        | Reached skill level 16 in Maces & Flails
  1033 | D        | Reached skill level 1 in Stealth
  1034 | D        | Noticed a cane toad
  1040 | D        | Killed a black mamba
  1043 | D        | Received a gift from Okawaru
  1052 | D        | Killed a cane toad
  1211 | D        | Noticed a cane toad
  1213 | D        | Killed a cane toad
  1213 | D        | Reached skill level 17 in Maces & Flails
  1230 | D        | Reached ****** piety under Okawaru
  1421 | D        | Noticed Maurice
  1431 | D        | Killed Maurice
  1519 | D        | Received a gift from Okawaru
  1523 | D        | Reached XP level 11. HP: 65/111 MP: 10/10
  1526 | D        | Reached skill level 15 in Shields
  1590 | D        | Got a twisted scale mail {god gift}
  1596 | D        | Identified the +1 scale mail of Lilacs {Rampage rF+ Int+3
                  | Dex-4} (Okawaru gifted it to you in the Dungeon)
  1744 | D        | Noticed an orc knight
  1756 | D        | Noticed an orc knight
  1768 | D        | Killed an orc knight
  1772 | D        | Reached skill level 15 in Fighting
  1772 | D        | Reached skill level 18 in Maces & Flails
  1788 | D        | HP: 4/112 [orc knight/+0 battleaxe (7)]
  2031 | D        | Killed an orc knight
  2484 | D        | Found Ymuagoj's Magic Scroll Emporium.
  2484 | D        | Noticed an orc knight
  2484 | D        | Noticed an orc knight
  2485 | D        | Noticed an orc knight
  2486 | D        | Noticed an orc high priest
  2487 | D        | Found Ajay's Jewellery Shoppe.
  2490 | D        | Killed an orc knight
  2493 | D        | Killed an orc knight
  2495 | D        | Killed an orc knight
  2496 | D        | Found Sidwaov's Armour Emporium.
  2499 | D        | Noticed an orc high priest
  2502 | D        | Killed an orc high priest
  2503 | D        | Found Basoromy's Gadget Shoppe.
  2508 | D        | Killed an orc high priest
  2510 | D        | Noticed an orc sorcerer
  2519 | D        | Killed an orc sorcerer
  2609 | D        | Bought a lightning rod (4/4) for 400 gold pieces
  2609 | D        | Bought a wand of acid (7) for 220 gold pieces
  2609 | D        | Bought a wand of acid (6) for 200 gold pieces
  2617 | D        | Bought a +1 tower shield of cold resistance for 231 gold
                  | pieces
  2632 | D        | Bought a scroll of brand weapon for 280 gold pieces
  2632 | D        | Bought a scroll of magic mapping for 49 gold pieces
  2632 | D        | Bought a scroll of identify for 28 gold pieces
  2632 | D        | Bought a scroll of immolation for 49 gold pieces
  2636 | D        | Bought a scroll of identify for 28 gold pieces
  2636 | D        | Bought a scroll of fog for 28 gold pieces
  2636 | D        | Bought a scroll of identify for 28 gold pieces
  2718 | D        | Noticed Eustachio
  2727 | D        | Killed Eustachio
  2900 | D        | Reached skill level 19 in Maces & Flails
  3147 | D        | Noticed a fire dragon
  3148 | D        | Noticed a deep troll shaman
  3149 | D        | Noticed a stone giant
  3149 | D        | Noticed a white very ugly thing
  3150 | D        | Noticed a fire giant
  3152 | D        | Noticed a green very ugly thing
  3159 | D        | Killed a fire dragon
  3160 | D        | Noticed an ettin
  3164 | D        | Killed a deep troll shaman
  3164 | D        | Received a gift from Okawaru
  3169 | D        | Killed a stone giant
  3169 | D        | Reached XP level 12. HP: 113/125 MP: 8/11
  3178 | D        | Killed a white very ugly thing
  3192 | D        | Killed a fire giant
  3192 | D        | Reached skill level 20 in Maces & Flails
  3201 | D        | Killed a green very ugly thing
  3207 | D        | Killed an ettin
  3557 | D        | Noticed a nagaraja
  3557 | D        | Noticed an anaconda
  3562 | D        | Killed an anaconda
  3563 | D        | Killed a nagaraja
  3570 | D        | Reached skill level 21 in Maces & Flails
  3571 | D        | Received a gift from Okawaru
  3609 | D        | Noticed a merfolk impaler
  3614 | D        | Killed a merfolk impaler
  3614 | D        | Received a gift from Okawaru
  3670 | D        | Received a gift from Okawaru
  3670 | D        | Reached skill level 5 in Evocations
  3670 | D        | Reached XP level 13. HP: 137/137 MP: 13/13
  4042 | D        | Noticed Frances
  4043 | D        | Noticed Joseph
  4054 | D        | Killed Frances
  4054 | D        | Reached skill level 22 in Maces & Flails
  4060 | D        | Killed Joseph
  4128 | D        | Noticed a stone giant
  4128 | D        | Noticed a fire giant
  4129 | D        | Noticed a cyan very ugly thing
  4133 | D        | Noticed a storm dragon
  4133 | D        | Noticed a tengu reaver
  4134 | D        | Killed a stone giant
  4135 | D        | Noticed a fire giant
  4138 | D        | Killed a fire giant
  4203 | D        | Killed a cyan very ugly thing
  4494 | D        | Noticed a fire dragon
  4508 | D        | Killed a storm dragon
  4511 | D        | Killed a fire giant
  4520 | D        | Killed a fire dragon
  4583 | D        | Killed a tengu reaver
  4583 | D        | Reached skill level 23 in Maces & Flails
  4905 | D        | Noticed a lich
  4913 | D        | Killed a lich
  4923 | D        | Noticed a frost giant
  4935 | D        | Killed a frost giant
  4935 | D        | Received a gift from Okawaru
  4935 | D        | Reached XP level 14. HP: 115/151 MP: 14/14
  4935 | D        | Noticed a stone giant
  4944 | D        | Killed a stone giant
  4998 | D        | Noticed an entropy weaver
  4999 | D        | an entropy weaver changed into an ice dragon
  5020 | D        | Noticed a frost giant
  5028 | D        | Killed from afar by a frost giant

Illustrated notes

Levels and vault maps discovered:
D:        linesprint [early_d, line_temple, items_1, d_10, items_2, lair_1,
          lair_end, items_3, orc_1, orc_end, items_4, d_15, swamp_1, shoals_1,
          snake_1, spider_1, d_20, vaults_1, items_5, swamp_end, shoals_end,
          snake_end, spider_end, vaults_end, d_27, items_6, zot_1, zot_end,
          crypt_end, forest_end, elf_end, slime_end, tomb_end, abyss_end,
          pan_hell_end]

Skill      XL: |  1  2  3  4  5  6  7  8  9 10 11 12 13 |
---------------+----------------------------------------+-----
Fighting       | 6 7 9 11 12 13 14 17 19 21 | 21.1
Armour         | 6 7 8 10 11 12 13 14 | 14.7
Shields        | 6 7 8 10 12 13 14 17 19 22 | 22.6
Maces & Flails | 4 5 7 10 13 15 17 19 21 23 | 23.3
Dodging        | 1 3 4 5 7 9 |  9.4
Evocations     | 1 2 3 5 8 |  8.2
Invocations    | 1 2 3 |  3.6
Stealth        | 1 2 3 |  3.1

Action                   |  1- 3 |  4- 6 |  7- 9 | 10-12 | 13-15 || total
-------------------------+-------+-------+-------+-------+-------++-------
Melee: Flail             |    13 |     9 |       |       |       ||    22
       Headbutt          |     1 |     7 |    16 |    60 |    33 ||   117
       Morningstar       |       |    24 |    53 |   290 |   142 ||   509
       Kick              |       |       |     2 |    14 |       ||    16
Invok: Heroism           |       |     1 |     1 |     3 |       ||     5
Evoke: Wand              |       |     2 |     1 |     5 |     1 ||     9
       Lightning rod     |       |       |       |    11 |    14 ||    25
  Use: Potion            |     1 |       |     2 |     3 |       ||     6
       Scroll            |       |       |       |     1 |     2 ||     3
Armor: Scale mail        |     6 |     1 |       |    12 |       ||    19
       Chain mail        |       |     7 |    15 |    11 |       ||    33
       Fire dragon scale |       |       |       |    23 |    34 ||    57
Dodge: Dodged            |     3 |     4 |     4 |    57 |    31 ||    99
Block: Kite shield       |     4 |    16 |    27 |    63 |       ||   110
       Tower shield      |       |       |       |    72 |   134 ||   206

Table legend: (Time is in decaauts)
 A = Elapsed time spent in this place.
 B = Non-inter-level travel time spent in this place.
 C = Inter-level travel time spent in this place.
 D = Time resting spent in this place.
 E = Time spent auto-exploring this place.
 F = Levels seen in this place.
 G = Mean time per level.
                   A        B        C        D        E       F      G
               +--------+--------+--------+--------+--------+-----+--------+
         Total |   4913 |   4913 |      0 |   2006 |   1230 |   1 | 4913.0 |
       Dungeon |   4913 |   4913 |      0 |   2006 |   1230 |   1 | 4913.0 |
               +--------+--------+--------+--------+--------+-----+--------+

Top non-repeatable levels by time:
       D: 4913 daAuts
